 Dungeon Crawl Stone Soup version 0.31.0-11-ge490571c62 (webtiles) character file.

Game seed: 18277669247231558112

39 qw the Shooter (level 3, 0/15 (18) HPs)
             Began as a Spriggan Hunter on Feb 5, 2024.
             Slain by Terence
             ... wielding a +2 short sword of draining
              (2 damage)
             ... on level 2 of the Dungeon.
             The game lasted 00:00:03 (912 turns).

qw the Shooter (Spriggan Hunter)                     Turns: 912, Time: 00:00:03

HP:   0/15 (18)     AC:  2    Str:  7    XL:     3   Next: 26%
MP:   4/4           EV: 19    Int: 10    God:
Gold: 8             SH:  0    Dex: 20    Spells: 2/2 levels left

rFire   . . .        a - +0 shortbow (flame)
rCold   . . .        (shield currently unavailable)
rNeg    . . .        c - +0 robe
rPois   .            (helmet restricted)
rElec   .            (no cloak)
rCorr   .            (gloves unavailable)
SInv    +            (boots unavailable)
Will    .....        (no amulet)
Stlth   ++           (no ring)
HPRegen 0.22/turn    (no ring)
MPRegen 0.09/turn

%: no passive effects
@: heavily drained, very quick
A: very small, no large weapons, unfitting armour, see invisible, speed 3
a: no special abilities


You were on level 2 of the Dungeon.
You visited 1 branch of the dungeon, and saw 2 of its levels.

You collected 8 gold pieces.


Innate Abilities, Weirdness & Mutations

You are very small and have problems with some larger weapons.
You are too small for most types of armour.
You have supernaturally acute eyesight. (SInv)
You cover ground extremely quickly. (Speed+++)


   Skills:
 - Level 1.5 Fighting
 + Level 4.6 Ranged Weapons
 - Level 4.0 Dodging
 - Level 1.5 Stealth


You had 2 spell levels left.
You didn't know any spells.
Your spell library was empty.

Inventory:

Hand Weapons
 a - a +0 shortbow of flaming (weapon)
Armour
 c - a +0 robe (worn)
Scrolls
 b - a scroll of blinking {unknown}
 d - a scroll of identify
Potions
 h - a potion of curing
 j - a potion of mutation {unknown}

Dungeon Overview and Level Annotations

Branches:
Dungeon (2/15)

Altars:

Shops:
D:1 [

Annotations:
D:2 Terence


Message History

You see here a quokka corpse.
An endoplasm and a ball python come into view.
You shoot an arrow. The arrow hits the ball python!
The arrow burns the ball python.
You kill the ball python!
You shoot an arrow.
The arrow completely misses the endoplasm.
The endoplasm quivers.
You shoot an arrow. The arrow hits the endoplasm!
The arrow burns the endoplasm.
You kill the endoplasm!
A kobold comes into view. It is wielding a +0 club.
You shoot an arrow. The arrow hits the kobold.
The arrow burns the kobold.
You kill the kobold!
You see here a +0 club.
Terence the Incautious comes into view.
He is wielding a +2 short sword of draining.
You shoot an arrow.
The arrow hits Terence but does no damage.
You shoot an arrow. The arrow closely misses Terence.
Terence screams, "I want your blood!"
You shoot an arrow. The arrow barely misses Terence.
You shoot an arrow. The arrow hits Terence.
The arrow burns Terence.
Terence is heavily wounded.
Terence hits you with a +2 short sword of draining.
You feel drained.
You shoot an arrow. The arrow barely misses Terence.
Terence closely misses you.
You shoot an arrow.
The arrow hits Terence but does no damage.
Terence is heavily wounded.
Terence completely misses you.
You shoot an arrow. The arrow hits Terence.
The arrow burns Terence.
Terence is heavily wounded.
Terence barely misses you.
You shoot an arrow. The arrow barely misses Terence.
Terence hits you with a +2 short sword of draining.
You feel drained.
Terence hits you with a +2 short sword of draining!
You feel drained.
You die...
Terence says, "Time to find some more victims."

####.#####...######
#..........#.#
##.###.....##.#
#...###.......#
#)#.# #.......#
#...# #.......#
###.# #.......# #.#
#.......# #@#
#.......# #..@..#
#......## #.#.#.##
# #... ###. #. ..


You could see Terence.

Vanquished Creatures
  A dart slug (D:1)
  3 ball pythons
  5 endoplasms
  A giant cockroach (D:1)
  2 hobgoblins (D:1)
  4 jackals (D:1)
  4 kobolds
  5 quokkas
  3 goblins
  3 rats (D:1)
31 creatures vanquished.

Notes
Turn   | Place    | Note
-------+----------+-------------------------------------------
     0 | D:1      | qw the Spriggan Hunter began the quest for the Orb.
     0 | D:1      | Reached XP level 1. HP: 10/10 MP: 2/2
     0 | D:1      | 0 ||| qw: Version: 0.3-a-160-g6735b56
     0 | D:1      | 0 ||| qw: Game counter: 6128
     0 | D:1      | 0 ||| qw: Melee chars always use a shield: true
     0 | D:1      | 0 ||| qw: God list: Okawaru
     0 | D:1      | 0 ||| qw: Allow faded altars: false
     0 | D:1      | 0 ||| qw: Do Orc after clearing Dungeon:15 true
     0 | D:1      | 0 ||| qw: Do second Lair branch before Depths: true
     0 | D:1      | 0 ||| qw: Lair rune preference: random
     0 | D:1      | 0 ||| qw: Goals: Normal
     0 | D:1      | 0 ||| PLANNING D:1-11
    42 | D:1      | Reached skill level 3 in Dodging
    62 | D:1      | Reached XP level 2. HP: 6/14 MP: 3/3
   161 | D:1      | Found Faxergh's Armour Boutique.
   178 | D:1      | 178 ||| SHOPLISTING scarf of repulsion (168 gold, have 0).
   507 | D:1      | Reached XP level 3. HP: 15/18 MP: 4/4
   763 | D:1      | 763 ||| READING scroll labelled KETEUT YLOMA.
   764 | D:1      | 764 ||| READING scroll labelled CAXKOCVU UREIM.
   764 | D:1      | 764 ||| IDENTIFYING silvery potion
   765 | D:1      | 765 ||| READING scroll labelled XUILAEB INOR.
   765 | D:1      | 765 ||| BRANDING +0 shortbow.
   766 | D:1      | 766 ||| READING scroll labelled PORCHO JYNYUTZ.
   771 | D:1      | 771 ||| READING scroll labelled NAOKKO HURPHUCK.
   772 | D:1      | 772 ||| DROPPING scroll of butterflies.
   904 | D:2      | Noticed Terence
   912 | D:2      | HP: 2/16 [Terence/+2 short sword of draining (7)]
   912 | D:2      | Slain by Terence

Levels and vault maps discovered:
D:1:      erik_arrival_orb_chamber, layout_basic, serial_shops, shop_fountains
D:2:      layout_loops_cross, shapermc_ecumenical_altar_mp_urbaneastern,
          nicolae_elevator_lobby_asterisk, uniq_terence

Skill      XL: |  1  2 |
---------------+-------+-----
Dodging        | 3 4 |  4.0
Fighting       | |  1.5
Ranged Weapons | |  4.6
Stealth        | |  1.5

Action                     || total
---------------------------++-------
   Fire: Shortbow          ||    71
    Use: Scroll            ||     5
 Armour: Robe              ||    12
  Dodge: Dodged            ||    23

Table legend:
 A = Non-vault XP
 B = Vault XP
 C = Vault XP percentage of total XP
 D = Non-vault monster count
 E = Vault monster count
 F = Vault count percentage of total count
                 A         B        C        D         E       F
            +---------+---------+-------+---------+---------+-------
      Total |      56 |       0 |   0.0 |      31 |       0 |   0.0
            +---------+---------+-------+---------+---------+-------
        D:1 |      46 |       0 |   0.0 |      25 |       0 |   0.0
        D:2 |      10 |       0 |   0.0 |       6 |       0 |   0.0
            +---------+---------+-------+---------+---------+-------
